Map: Apotheosis LE

Players

MarineLorD

  • Race: Terran Terran
  • League: Master

Nerchio - Winner!

  • Race: Zerg Zerg
  • League: Master

Event: DreamHack ZOWIE Open Valencia 2016

VOD

Have the link to the VOD?

Description

Time

  • Played on: July 16, 2016, 1:30 p.m.
  • Length: 32:27

All games in this series

Show
View Real Time Build Order
Export as new Build Order

MarineLorD Terran 

Build Orders: Reaper Expand, Banshee Rush 

Get SALT Encoding   

  12  0:00  SCV  
  13  0:13  SCV  
  14  0:17  Supply Depot  
  14  0:25  SCV  
  15  0:38  SCV  
  15  0:40  Barracks  
  16  0:44  Refinery  
  16  0:50  SCV  
  17  1:02  SCV  
  18  1:15  SCV  
  19  1:28  Orbital Command, Reaper  
  20  1:40  Command Center  
  20  1:49  Supply Depot  
  20  1:54  SCV  
  21  2:00  Marine  
  22  2:06  SCV  
  22  2:07  Factory  
  23  2:14  Refinery  
  23  2:18  SCV  
  23  2:22  Barracks Reactor  
  24  2:30  SCV  
  25  2:42  SCV  
  26  2:52  Orbital Command  
  26  2:54  SCV, Refinery, Factory Tech Lab  
  26  2:57  Starport  
  26  2:58  Marine x2  
  29  3:06  SCV  
  30  3:13  Starport  
  30  3:18  SCV x2  
  32  3:27  Hellion x2  
  32  3:30  SCV  
  32  3:31  SCV  
  39  3:42  SCV  
  39  3:43  SCV  
  39  3:44  Cloaking Field  
  39  3:45  Banshee  
  43  3:53  Supply Depot  
  43  3:55  SCV  
  44  3:58  SCV, Supply Depot  
  45  4:05  Factory Tech Lab  
  45  4:09  Starport Tech Lab  
  45  4:10  SCV, Supply Depot  
  45  4:14  SCV  
  47  4:17  Supply Depot  
  47  4:22  Supply Depot  
  48  4:27  Banshee  
  48  4:28  Banshee  
  48  4:29  SCV  
  54  4:32  SCV  
  54  4:34  Marine  
  54  4:35  Marine  
  57  4:41  SCV  
  57  4:45  SCV  
  59  4:52  Marine  
  60  4:53  Marine, SCV  
  60  4:57  SCV  
  60  4:59  Siege Tank  
  66  5:05  SCV  
  67  5:09  SCV  
  67  5:10  Marine x2, Banshee  
  67  5:11  Banshee  
  76  5:17  SCV  
  74  5:21  Command Center  
  74  5:25  SCV  
  75  5:29  Marine x2  
  75  5:31  Siege Tank, SCV  
  75  5:35  Supply Depot  
  81  5:37  SCV  
  81  5:39  Supply Depot  
  82  5:47  Marine x2  
  83  5:50  SCV  
  83  5:53  SCV  
  83  5:56  Banshee x2  
  90  6:02  SCV  
  90  6:03  Siege Tank  
  94  6:07  Supply Depot  
  94  6:14  SCV  
  92  6:20  Marine  
  93  6:26  Marine, SCV  
  93  6:28  SCV  
  93  6:31  Engineering Bay x2  
  93  6:35  Widow Mine  
  93  6:39  SCV, Banshee  
  99  6:40  Barracks  
  99  6:41  Barracks  
  99  6:43  Banshee  
  102  6:51  SCV  
  103  6:58  Orbital Command  
  103  6:59  SCV, Barracks  
  103  7:00  Barracks  
  104  7:03  SCV  
  104  7:04  Siege Tank  
  108  7:11  Marine x2  
  108  7:12  Terran Infantry Armor Level 1, Terran Infantry Weapons Level 1  
  108  7:14  SCV  
  108  7:15  SCV  
  112  7:21  Banshee  
  115  7:25  Banshee  
  115  7:26  SCV  
  121  7:32  Orbital Command  
  121  7:33  Barracks Tech Lab  
  121  7:34  Barracks Tech Lab  
  119  7:37  Refinery  
  119  7:41  Marine  
  119  7:42  Marine  
  121  7:46  Refinery x2  
  121  7:53  Barracks Reactor, Barracks Tech Lab  
  121  7:54  Marine  
  122  7:59  Marine  
  122  8:04  Marine  
  124  8:05  Marine  
  124  8:07  Supply Depot  
  124  8:09  Supply Depot x2  
  125  8:15  Supply Depot x2  
  125  8:16  Supply Depot  
  125  8:23  Marine x3  
  125  8:24  Marine  
  125  8:28  Medivac, Marine  
  125  8:29  Siege Tank, Medivac  
  130  8:37  Supply Depot x2  
  130  8:39  Marine x2  
  130  8:41  Marine x3  
  134  8:42  Marine, Armory  
  134  8:46  Marauder, Armory  
  138  8:48  Supply Depot  
  138  8:57  Marine x2  
  138  8:59  Marine  
  143  9:03  Siege Tank  
  143  9:04  Barracks x2  
  143  9:05  Medivac, Barracks  
  143  9:09  Fusion Core  
  146  9:10  Medivac  
  146  9:11  Marine  
  146  9:12  Marine  
  146  9:13  Marine  
  151  9:18  Marine  
  151  9:19  Sensor Tower  
  151  9:20  Marine  
  151  9:21  Marine  
  152  9:32  Combat Shields, Stimpack  
  152  9:33  Concussive Shells  
  152  9:36  Marine x4, Marauder  
  152  9:38  Marine  
  159  9:39  Marine  
  157  9:54  Marine x2, Marauder  
  157  9:55  Marauder  
  157  9:58  Marauder  
  168  10:00  Hyperflight Rotors  
  168  10:05  Marine x2  
  170  10:12  Terran Infantry Weapons Level 2, Marine  
  171  10:15  Terran Infantry Armor Level 2  
  171  10:16  Marauder x2  
  171  10:17  Marine x2  
  174  10:23  Terran Vehicle And Ship Armor Level 1  
  174  10:33  Banshee  
  177  10:39  Marauder x2  
  177  10:40  Marauder  
  177  10:41  Marine x4  
  177  10:42  Marine x2  
  189  10:43  Marine  
  190  10:58  Marine  
  190  10:59  Marine x3  
  190  11:00  Marine, Marauder  
  197  11:04  Supply Depot  
  197  11:05  Marine, Terran Ship Weapons Level 1  
  197  11:06  Marine  
  197  11:08  Marauder x2  
  197  11:09  Command Center  
  196  11:16  Marine  
  197  11:25  Medivac, Marine  
  197  11:32  Marine  
  200  11:33  Marine  
  200  11:58  Marine x3  
  200  12:05  Marine  
  200  12:08  Marauder  
  200  12:09  Medivac  
  200  12:11  Marauder  
  200  12:12  Marine  
  200  12:13  Marine x2, Marauder  
  181  12:15  Marine x2  
  181  12:16  Marine  
  181  12:18  Banshee  
  142  12:23  Marine  
  122  12:30  Marine x2, Marauder  
  122  12:31  Marine  
  122  12:33  Marine x2, Marauder  
  122  12:34  Marauder  
  122  12:36  Ghost Academy  
  134  12:48  Marine x3  
  139  12:51  Marauder  
  139  12:52  Planetary Fortress  
  139  12:53  Liberator x2  
  139  12:54  Marauder  
  139  12:57  Marine  
  139  12:58  Command Center  
  144  13:00  Command Center, Refinery  
  144  13:03  Refinery  
  147  13:11  Advanced Ballistics  
  147  13:12  Marauder  
  147  13:13  Terran Infantry Weapons Level 3, Terran Infantry Armor Level 3  
  147  13:14  Marine x2  
  147  13:15  Marine  
  150  13:20  Marauder  
  150  13:26  Marauder  
  148  13:28  Marine x2  
  142  13:34  Marauder  
  142  13:46  Marine x3, Marauder  
  147  13:53  Raven, Banshee  
  147  13:55  Marine  
  153  13:56  Marine  
  151  14:09  Marine x2  
  153  14:11  Terran Ship Weapons Level 2  
  137  14:33  Barracks Tech Lab x3  
  137  14:36  Banshee  
  140  14:42  Sensor Tower  
  144  14:58  Banshee  
  147  15:01  Planetary Fortress  
  147  15:02  Ghost x2  
  147  15:15  Ghost  
  149  15:22  SCV x3  
  149  15:25  SCV  
  150  15:37  SCV, Ghost  
  150  15:40  Ghost  
  155  15:46  Planetary Fortress  
  155  15:54  Missile Turret  
  155  15:56  Ghost  
  157  16:06  Liberator  
  157  16:11  Ghost x3  
  167  16:25  Ghost  
  168  16:29  Banshee  
  167  16:33  Terran Vehicle And Ship Armor Level 2  
  167  16:34  Terran Ship Weapons Level 3  
  163  16:40  Sensor Tower  
  163  16:41  Ghost x3  
  163  16:43  Refinery x2  
  169  16:48  Ghost  
  169  16:52  Ghost  
  173  16:55  Ghost  
  175  17:09  Ghost  
  175  17:10  Ghost  
  175  17:11  Personal Cloaking  
  175  17:12  Liberator x2  
  176  17:28  Ghost x2  
  156  17:36  Ghost  
  162  17:38  Ghost  
  166  17:47  Orbital Command  
  166  17:51  Ghost  
  166  17:52  Marine x2  
  166  17:53  Missile Turret  
  166  17:57  Ghost  
  169  18:09  Ghost x2  
  169  18:11  Marine x2  
  175  18:21  Marine  
  159  18:28  Marauder  
  164  18:37  Liberator x2  
  162  18:55  Barracks Reactor  
  117  19:15  Ghost x4  
  117  19:16  Ghost x2  
  114  19:24  Marauder  
  114  19:30  Orbital Command  
  114  19:31  Medivac  
  118  19:40  Missile Turret x2  
  118  19:47  Marine  
  118  19:48  Marauder  
  118  19:49  Marine  
  122  19:55  Marauder  
  124  20:02  Medivac  
  124  20:04  Marauder  
  124  20:07  Liberator, Marine  
  128  20:08  Marine  
  128  20:09  Marine  
  128  20:14  Marine  
  132  20:18  Liberator  
  132  20:21  Liberator, Marine x2  
  134  20:25  Liberator  
  134  20:29  SCV x3  
  140  20:41  SCV x2  
  148  20:51  Marauder x3  
  148  20:53  SCV  
  148  20:54  SCV  
  148  20:56  SCV  
  157  21:02  Refinery  
  157  21:03  Refinery  
  157  21:06  SCV  
  142  21:14  Orbital Command  
  132  21:21  Ghost x3  
  129  21:32  Marine  
  134  21:36  Marine  
  135  21:44  Medivac  
  138  21:49  Medivac  
  138  21:52  Refinery  
  135  21:55  Marine x3  
  135  21:57  Marine x2  
  140  22:01  Marine  
  140  22:02  Marauder  
  140  22:07  Marauder  
  135  22:19  Orbital Command  
  135  22:30  Marine  
  131  22:51  SCV  
  131  22:53  SCV  
  133  23:00  Refinery  
  133  23:03  SCV  
  134  23:07  Liberator x2, Refinery  
  134  23:08  SCV  
  135  23:15  SCV  
  142  23:27  Marine  
  142  23:28  SCV  
  142  23:30  Marine  
  142  23:31  Marine  
  142  23:32  Marine  
  147  23:40  SCV  
  148  23:42  Liberator  
  148  23:44  Marauder  
  148  23:46  Ghost  
  152  23:52  SCV x2  
  157  24:04  SCV  
  157  24:05  SCV  
  159  24:11  Marine x2, Marauder  
  159  24:16  SCV  
  164  24:18  Marine x2, Marauder  
  164  24:21  Marine x2  
  170  24:28  SCV  
  170  24:29  SCV  
  173  24:41  SCV  
  173  24:42  SCV  
  174  24:53  Ghost x2  
  174  24:54  SCV  
  179  25:00  Ghost  
  179  25:06  SCV  
  182  25:13  Ghost  
  182  25:30  Supply Depot  
  182  25:32  Supply Depot x2  
  182  25:33  Supply Depot  
  182  25:45  Liberator x2  
  182  25:48  Liberator  
  182  25:49  Ghost x2  
  181  25:50  Marine, Ghost  
  181  25:51  Marauder  
  181  25:53  Marine, Marauder  
  182  26:10  Ghost  
  171  26:35  Marine  
  171  26:36  Marauder  
  174  26:41  Ghost x2  
  174  26:44  Marauder x2  
  181  26:48  Marine x2  
  181  26:49  Marauder  
  181  26:53  SCV  
  183  26:54  SCV  
  183  26:57  Marauder  
  181  27:02  Marine  
  181  27:05  SCV, Marauder x2  
  181  27:06  Marine  
  188  27:15  Marine x2  
  188  27:16  Marauder  
  188  27:22  Liberator x3  
  187  27:23  Liberator  
  194  27:48  Ghost  
  192  28:01  Ghost  
  192  28:02  Ghost  
  196  28:08  Marine x4  
  200  28:38  Orbital Command  
  200  28:47  Command Center  
  200  28:49  Command Center  
  190  28:56  Orbital Command  
  178  29:04  Ghost  
  178  29:07  Liberator x2  
  181  29:38  Ghost  
  182  29:54  Marine x3, Marauder  
  186  30:10  Marauder  
  162  30:39  Marine x2  
Show
View Real Time Build Order
Export as new Build Order

Nerchio Zerg - Winner!

Build Orders: Pool First 

Get SALT Encoding   

  12  0:00  Drone  
  13  0:12  Overlord  
  13  0:17  Drone  
  14  0:30  Drone x2  
  14  0:34  Drone  
  17  0:45  Spawning Pool  
  17  0:49  Drone  
  17  1:10  Hatchery  
  16  1:12  Drone  
  16  1:14  Extractor  
  16  1:17  Drone  
  17  1:22  Drone  
  18  1:31  Queen  
  20  1:34  Zergling x2  
  20  1:38  Drone  
  22  1:49  Overlord  
  22  2:07  Queen  
  24  2:09  Drone  
  24  2:12  Drone  
  26  2:16  Metabolic Boost  
  26  2:21  Drone  
  26  2:22  Queen  
  27  2:25  Drone  
  29  2:32  Drone  
  29  2:33  Drone  
  31  2:40  Overlord  
  31  2:43  Drone x2  
  33  2:45  Drone  
  33  2:47  Drone  
  35  2:57  Queen  
  37  2:58  Drone x2  
  40  3:05  Drone  
  40  3:06  Overlord  
  40  3:19  Hatchery, Drone  
  40  3:20  Drone  
  40  3:25  Overlord  
  40  3:26  Drone  
  42  3:28  Drone  
  42  3:30  Drone  
  42  3:31  Drone  
  42  3:33  Drone  
  46  3:39  Roach Warren  
  46  3:40  Drone  
  46  3:44  Drone  
  46  3:46  Overlord  
  47  3:51  Zergling x4  
  47  3:52  Overlord  
  49  4:07  Drone x3  
  52  4:15  Extractor  
  51  4:19  Evolution Chamber  
  51  4:21  Roach x7  
  64  4:25  Drone x3  
  64  4:27  Drone  
  64  4:30  Overlord  
  68  4:41  Spore Crawler  
  68  4:42  Drone x2  
  68  4:43  Drone  
  70  4:46  Extractor x2, Lair  
  70  4:50  Drone x2  
  70  4:54  Drone  
  70  4:56  Drone  
  70  4:57  Drone x3  
  70  4:59  Drone x3  
  78  5:00  Drone  
  78  5:10  Spore Crawler  
  78  5:11  Spore Crawler  
  78  5:12  Zerg Ground Armor Level 1  
  78  5:13  Evolution Chamber  
  74  5:18  Roach x2  
  74  5:20  Overlord  
  78  5:30  Overlord  
  78  5:34  Queen  
  78  5:35  Overlord, Drone x5  
  85  5:49  Queen x2  
  85  5:51  Overseer  
  89  5:57  Hatchery  
  89  6:01  Drone x4  
  89  6:02  Drone x2  
  89  6:03  Overlord, Drone  
  91  6:09  Queen  
  91  6:10  Drone x2  
  90  6:24  Overlord  
  90  6:25  Zerg Melee Weapons Level 1  
  86  6:26  Infestation Pit  
  86  6:29  Queen x2  
  86  6:31  Drone x2  
  86  6:32  Drone x5  
  95  6:33  Overlord  
  95  6:36  Overlord  
  93  6:46  Drone  
  93  6:47  Drone x2  
  94  6:53  Drone x2  
  93  6:57  Extractor  
  93  6:59  Overlord, Extractor  
  90  7:03  Spore Crawler  
  90  7:06  Glial Reconstitution  
  90  7:07  Zerg Ground Armor Level 2  
  89  7:09  Queen  
  89  7:10  Roach x4  
  89  7:13  Ravager x4  
  89  7:15  Roach  
  105  7:16  Roach  
  105  7:20  Roach x2  
  108  7:25  Roach x2  
  110  7:32  Roach x4  
  110  7:35  Roach  
  110  7:36  Roach  
  122  7:39  Spore Crawler  
  122  7:43  Roach  
  123  7:45  Roach  
  123  7:49  Overlord  
  124  7:54  Overlord  
  124  7:57  Overlord  
  122  7:59  Drone x2  
  122  8:02  Drone x2  
  122  8:03  Drone  
  128  8:05  Ravager x2  
  128  8:06  Ravager  
  128  8:08  Drone  
  128  8:09  Drone  
  128  8:10  Drone  
  128  8:12  Drone  
  134  8:13  Drone  
  134  8:16  Extractor  
  134  8:22  Overseer  
  134  8:25  Queen  
  136  8:29  Zergling x4  
  138  8:36  Queen  
  138  8:38  Drone x4  
  142  8:48  Hive  
  142  8:50  Infestor  
  142  8:52  Infestor  
  142  8:53  Hatchery  
  145  8:57  Zerg Melee Weapons Level 2  
  145  9:06  Drone x5  
  145  9:07  Drone  
  145  9:08  Infestor  
  153  9:15  Spore Crawler x2, Drone x2  
  153  9:16  Drone  
  154  9:18  Extractor  
  153  9:29  Drone x3  
  153  9:30  Overlord x3  
  153  9:31  Overlord  
  156  9:39  Overlord x2, Ravager x2  
  152  9:55  Zergling x2  
  153  10:00  Pneumatized Carapace  
  153  10:01  Drone x3, Ultralisk Cavern  
  153  10:02  Drone  
  153  10:03  Extractor  
  155  10:10  Adrenal Glands  
  155  10:18  Spire  
  155  10:19  Overlord, Drone x3  
  157  10:23  Overlord  
  157  10:25  Extractor  
  157  10:26  Overlord  
  156  10:29  Hatchery  
  155  10:44  Zerg Ground Armor Level 3, Baneling Nest  
  155  10:49  Hatchery  
  153  10:52  Chitinous Plating  
  153  10:53  Ultralisk  
  159  10:59  Ultralisk  
  165  11:07  Ultralisk  
  165  11:10  Zergling x26  
  181  11:15  Zergling x8  
  181  11:16  Zergling x2  
  186  11:37  Ultralisk x2  
  196  11:40  Hatchery  
  196  11:47  Zergling x10  
  196  12:04  Corruptor  
  196  12:05  Corruptor x3  
  191  12:08  Ultralisk  
  191  12:11  Zergling x12  
  142  12:24  Ultralisk  
  142  12:29  Overseer x2  
  136  12:30  Zergling x16  
  144  12:37  Ultralisk  
  144  12:43  Ultralisk  
  157  12:48  Ultralisk  
  162  13:01  Corruptor x2  
  162  13:02  Spore Crawler  
  165  13:06  Drone x3  
  165  13:08  Drone x5  
  165  13:09  Extractor x2  
  165  13:10  Overlord  
  171  13:15  Overlord  
  163  13:36  Hatchery  
  161  13:43  Drone x2  
  161  13:46  Spore Crawler  
  162  13:49  Zerg Melee Weapons Level 3, Corruptor  
  162  13:50  Spore Crawler, Corruptor x3  
  162  13:53  Overseer  
  165  14:03  Baneling Nest  
  161  14:17  Ultralisk x2  
  173  14:19  Corruptor x2  
  177  14:37  Extractor  
  176  14:52  Zergling x10  
  181  14:53  Zergling x2  
  182  15:02  Centrifical Hooks  
  182  15:03  Zergling x4  
  182  15:04  Zergling x2  
  182  15:07  Overlord  
  185  15:09  Zerg Flyer Armor Level 1  
  185  15:10  Spire  
  184  15:21  Nydus Network  
  184  15:22  Drone x6  
  189  15:31  Zerg Missile Weapons Level 1  
  189  15:35  Evolution Chamber  
  189  15:37  Spore Crawler  
  189  15:38  Spore Crawler  
  189  15:40  Spore Crawler  
  185  15:48  Zergling x16  
  185  15:49  Zergling x14  
  198  16:11  Nydus Network  
  198  16:17  Drone x3  
  200  16:21  Hatchery  
  200  16:24  Greater Spire  
  200  16:25  Spore Crawler  
  197  16:28  Baneling x21  
  197  16:29  Baneling x13  
  197  16:30  Baneling  
  194  16:50  Zergling x12  
  200  17:10  Overseer x3  
  190  17:28  Zergling x2  
  190  17:29  Zergling x22  
  187  17:31  Zergling x2  
  187  17:32  Zergling x4  
  187  17:36  Queen  
  190  17:40  Zerg Missile Weapons Level 2  
  190  17:42  Queen  
  192  18:00  Zergling x14  
  180  18:29  Baneling x11  
  180  18:30  Baneling x3  
  180  18:31  Zergling x16  
  180  18:32  Zergling x2  
  180  18:33  Baneling x2  
  183  18:42  Infestor x2  
  183  18:44  Zergling x18  
  141  19:20  Corruptor x2  
  141  19:21  Corruptor  
  141  19:24  Overlord x2  
  141  19:25  Ultralisk x2  
  141  19:29  Ultralisk  
  159  19:38  Ultralisk  
  159  19:41  Overlord  
  165  19:46  Drone x3  
  166  20:06  Zergling x2  
  166  20:07  Zergling x28  
  180  20:23  Overlord  
  180  20:31  Baneling x12  
  180  20:32  Baneling  
  180  20:34  Overseer x2  
  180  20:36  Overseer, Hatchery  
  180  20:42  Drone x3  
  182  20:44  Overlord  
  182  20:51  Zergling x10  
  187  21:01  Baneling x7  
  143  21:21  Ultralisk x2  
  143  21:24  Zergling x14  
  149  21:27  Zergling x2  
  149  21:28  Zergling x2  
  151  21:46  Zergling x2  
  151  21:47  Zergling x10  
  155  21:52  Overlord  
  131  22:18  Drone x5  
  131  22:20  Corruptor x2  
  131  22:21  Corruptor x2  
  141  22:26  Drone x3  
  142  22:43  Brood Lord x4  
  142  22:44  Brood Lord  
  151  22:50  Infestor  
  151  22:51  Infestor  
  155  23:00  Zerg Flyer Weapons Level 1  
  155  23:03  Zerg Flyer Armor Level 2  
  155  23:08  Brood Lord  
  157  23:24  Brood Lord x4  
  149  23:42  Corruptor x4  
  157  23:49  Drone x4  
  157  23:55  Brood Lord x2  
  163  23:56  Overseer  
  165  24:05  Extractor, Zergling x6  
  165  24:06  Extractor x2, Zergling x2  
  165  24:07  Extractor  
  165  24:27  Baneling x10  
  165  24:29  Baneling  
  165  24:41  Corruptor  
  165  24:43  Corruptor  
  168  24:48  Drone x3  
  171  24:58  Corruptor x2  
  175  25:12  Hatchery  
  168  25:17  Corruptor x2  
  168  25:23  Drone x3  
  168  25:28  Corruptor  
  173  25:36  Drone x2  
  173  25:52  Corruptor  
  173  25:53  Corruptor  
  172  25:59  Drone x2  
  172  26:00  Extractor  
  171  26:04  Extractor  
  171  26:06  Drone x2  
  164  26:26  Zergling x18  
  164  26:27  Zergling x2  
  164  26:28  Zergling x4  
  176  26:35  Zergling x4  
  163  26:41  Baneling x4  
  156  27:04  Brood Lord x2  
  156  27:06  Zergling x12  
  156  27:07  Zergling x2  
  152  27:24  Zergling x8  
  152  27:25  Zergling x6  
  158  27:40  Drone x7  
  158  27:41  Drone  
  166  27:45  Overseer  
  165  28:07  Drone x4  
  169  28:13  Hatchery  
  168  28:24  Zergling x10  
  170  28:38  Zergling x2  
  170  28:39  Zergling x4  
  170  28:41  Drone x3  
  174  28:48  Extractor  
  172  28:49  Extractor  
  170  28:55  Corruptor  
  169  29:09  Hatchery  
  166  29:16  Drone  
  166  29:17  Drone x3  
  163  29:28  Brood Lord  
  165  29:31  Drone  
  165  29:32  Drone  
  165  29:37  Brood Lord  
  169  29:51  Overseer  
  169  29:52  Overseer x2  
  169  30:13  Corruptor x2  
  173  30:17  Zergling x10  
  173  30:20  Extractor  
  169  30:36  Brood Lord  
  169  30:39  Zergling x2  
  169  30:40  Zergling x8  
  174  30:47  Zergling x2  
  174  30:48  Zergling x6  
  176  30:59  Zergling x12  
  182  31:10  Baneling x8  
  182  31:11  Baneling x2  
  182  31:12  Baneling  
  182  31:22  Zergling x10  
  182  31:23  Zergling x2  
  187  31:30  Overlord x2  
  186  31:35  Overlord  
  186  31:51  Baneling x8  
  186  31:52  Baneling x7  
  186  31:53  Zergling x4  

Tags
 
Add a new tag
Caveats
  • Supply blocks, unpowered buildings, or Contaminate may cause inaccurate times.
  • Supply counts are checked every 10 seconds.